 Dungeon Crawl Stone Soup version 0.30.1-4-g462c640d31 (webtiles) character file.

Game seed: 6048114324728138848

93 wingedge the Twirler (level 4, -5/36 HPs)
             Began as a Demigod Wanderer on Aug 12, 2023.
             Slain by a gnoll
             ... wielding a +0 halberd
              (12 damage)
             ... on level 3 of the Dungeon.
             The game lasted 00:07:27 (2205 turns).

wingedge the Twirler (Demigod Wanderer)             Turns: 2205, Time: 00:07:28

Health: -5/36      AC:  2    Str: 10    XL:     4   Next: 14%
Magic:  6/8        EV: 11    Int: 17    God:
Gold:   148        SH:  0    Dex: 17    Spells: 1/5 levels left

rFire   . . .        a - +3 quarterstaff
rCold   . . .        (shield currently unavailable)
rNeg    . . .        c - +0 robe
rPois   .            (no helmet)
rElec   .            d - scarf {harm}
rCorr   .            (no gloves)
SInv    .            (no boots)
Will    .....        (no amulet)
Stlth   ++           (no ring)
HPRegen 0.26/turn    (no ring)
MPRegen 0.11/turn

%: harm (+30% outgoing, +20% incoming)
@: no status effects
A: high MP 1, forlorn, divine attributes
a: no special abilities


You were on level 3 of the Dungeon.
You visited 1 branch of the dungeon, and saw 3 of its levels.

You collected 148 gold pieces.

Inventory:

Hand Weapons
 a - a +3 quarterstaff (weapon)
 i - a +0 dagger of venom
Armour
 c - a +0 robe (worn)
 d - a scarf of harm (worn)
Scrolls
 e - a scroll of summoning {unknown}
 f - 6 scrolls of teleportation {unknown}
 g - 7 scrolls of identify {unknown}
 h - a scroll of poison {unknown}
 j - a scroll of amnesia {unknown}
 n - a scroll of blinking {unknown}
Potions
 b - a potion of haste
 k - 3 potions of might {unknown}
 l - 3 potions of curing {unknown}
 m - a potion of flight {unknown}
 o - a potion of brilliance {unknown}


   Skills:
 + Level 2.1 Fighting
 - Level 3.6 Staves
 - Level 1.0 Throwing
 - Level 1.0 Stealth
 - Level 1.0 Spellcasting
 + Level 0.4 Conjurations
 + Level 3.5 Ice Magic


You had one spell level left.
You knew the following spells:

 Your Spells              Type           Power      Damage    Failure   Level
a - Freeze                Ice            52%        1d6       4%          1
b - Hailstorm             Conj/Ice       7%         3d4       28%         3

Your spell library contained the following spells:

 Spells                   Type           Power      Damage    Failure   Level
 Kiss of Death            Conj/Necr      4%         2d5       21%         1
 Confusing Touch          Hex            0%         N/A       54%         3
 Dispel Undead            Necr           0%         3d6       91%         4


Dungeon Overview and Level Annotations

Branches:
Dungeon (3/15)

Shops:
D:1 ==(=   D:2 =


Innate Abilities, Weirdness & Mutations

You have an increased reservoir of magic. (+10% MP)
You shall have no god before yourself.
Your divine heritage dramatically boosts your attributes as you level up.


Message History

Press: ? - help, Shift-Dir - straight line, f - rat
Aim: a rat You freeze the rat.
You kill the rat!
You see here a rat corpse.
f - 6 scrolls labelled YSANURACONG (gained 1)
A gnoll comes into view. It is wielding a +0 club.
A gnoll is nearby!
A gnoll comes into view. It is wielding a +0 halberd.
A gnoll comes into view. It is wielding a +0 flail.
The gnoll shouts! x3
Casting: Freeze (safe; 4% risk of failure)
Confirm with . or Enter, or press ? or * to list all spells.
Okay, then.
The gnoll hits you with a +0 halberd.
Casting: Freeze (safe; 4% risk of failure)
Confirm with . or Enter, or press ? or * to list all spells.
Aiming: Freeze (safe; 4% risk of failure)
Press: ? - help, Shift-Dir - straight line, f - gnoll
Aim: a gnoll, wielding a +0 halberd You freeze the gnoll.
The gnoll is lightly wounded.
The gnoll hits you with a +0 club. The gnoll hits you with a +0 halberd!
Casting: Freeze (safe; 4% risk of failure)
Confirm with . or Enter, or press ? or * to list all spells.
Aiming: Freeze (safe; 4% risk of failure)
Press: ? - help, Shift-Dir - straight line, f/p - gnoll
Aim: a gnoll, wielding a +0 halberd (lightly wounded)
Okay, then.
Casting: Freeze (safe; 4% risk of failure)
Confirm with . or Enter, or press ? or * to list all spells.
Aiming: Freeze (safe; 4% risk of failure)
Press: ? - help, Shift-Dir - straight line, f/p - gnoll
Aim: a gnoll, wielding a +0 halberd (lightly wounded)
You freeze the gnoll.
The gnoll is severely wounded.
The gnoll hits you with a +0 club!
* * * LOW HITPOINT WARNING * * *
The gnoll hits you with a +0 halberd!
You die...

... #....# .. ......### .
##.###........ ..
#............#
...#............#
................# ##
......gg....)...# #.
......g@....b...# #.
......###.......#######.
......................#.
###...................#.
####.........†......#. ...
#####......##........##
...###..........#....#######
................#....#### #
..........b..####.......# #


You could see 3 gnolls.

Vanquished Creatures
  4 adders
  2 dart slugs (D:1)
  6 ball pythons
  8 endoplasms
  4 giant cockroaches
  3 goblins
  3 hobgoblins
  2 jackals (D:2)
  2 quokkas
  6 bats
  3 frilled lizards
  3 kobolds (D:2)
  6 rats
52 creatures vanquished.

Notes
Turn   | Place    | Note
-------+----------+-------------------------------------------
     0 | D:1      | wingedge the Demigod Wanderer began the quest for the Orb.
     0 | D:1      | wingedge set off with the following items: a +3
                  | quarterstaff, a potion of haste, a +0 robe; and the
                  | following spell memorised: Freeze; and the following spells
                  | available to memorise: Hailstorm.
     0 | D:1      | Reached XP level 1. HP: 17/17 MP: 4/4
   150 | D:1      | Found Ydghio's Jewellery Boutique.
   330 | D:1      | Reached XP level 2. HP: 24/24 MP: 3/5
   447 | D:1      | Found Sithy's Jewellery Boutique.
   483 | D:1      | Found Heroev's Jewellery Emporium.
   657 | D:1      | Found Kakycvuo's Antique Armour Shoppe.
   700 | D:1      | Found Omilap's Weapon Boutique.
  1189 | D:2      | Reached XP level 3. HP: 22/29 MP: 2/6
  1557 | D:2      | Found Jalala's Jewellery Shoppe.
  1607 | D:2      | Learned a level 3 spell: Hailstorm
  2044 | D:3      | Reached XP level 4. HP: 30/36 MP: 5/8
  2205 | D:3      | Slain by a gnoll

Illustrated notes

Levels and vault maps discovered:
D:1:      dpeg_arrival_signposts, layout_basic, serial_shops,
          nicolae_shop_stone, shop, nicolae_shop_peninsula,
          nicolae_shop_tiny_real_fake_doors, shop, skrybe_limestone_x
D:2:      layout_rooms, serial_shops, shop, guppyfry_early_lair_pool
D:3:      layout_basic, xom_butterflies, chequers_serial_rivers_micro_a

Skill      XL: |  1  2  3 |
---------------+----------+-----
Ice Magic      | 2 3 |  3.5
Fighting       | 2 |  2.1
Staves         | |  3.6
Throwing       | |  1.0
Stealth        | |  1.0
Spellcasting   | |  1.0
Conjurations   | |  0.4

Action                     |  1- 3 |  4- 6 || total
---------------------------+-------+-------++-------
  Melee: Quarterstaff      |    30 |       ||    30
  Throw: Stone             |     4 |       ||     4
   Cast: Freeze            |    59 |     7 ||    66
   Stab: Sleeping          |     1 |       ||     1
 Armour: Robe              |    15 |     1 ||    16
  Dodge: Dodged            |    40 |     4 ||    44
